 Dungeon Crawl Stone Soup version 0.22.1-1-ga44c0e56f4 (webtiles) character file.

87 BushDid911 the Skirmisher (level 4, -4/36 HPs)
             Began as a Demonspawn Fighter on Sept 26, 2018.
             Slain by an iguana (9 damage)
             ... on level 3 of the Dungeon.
             The game lasted 00:02:57 (1653 turns).

BushDid911 the Skirmisher (Demonspawn Fighter)      Turns: 1653, Time: 00:02:58

Health: -4/36      AC:  8    Str: 18 (21) XL:     4   Next: 28%
Magic:  4/4        EV:  7    Int:  7 (9)  God:
Gold:   127        SH:  9    Dex: 11 (14) Spells: 3/3 levels left

rFire    . . .     SeeInvis .   a - +0 long sword
rCold    + . .     Gourm    .   c - +0 shield
rNeg     . . .     Faith    .   b - +0 scale mail
rPois    .         Spirit   .   (no helmet)
rElec    .         Reflect  .   (no cloak)
rCorr    .         Harm     .   (no gloves)
MR       .....                  (no boots)
Stlth    ..........             e - amulet of regeneration
HPRegen  0.52/turn              s - +5 ring of strength
MPRegen  0.09/turn              (no ring)

@: no status effects
A: hooves 1, slimy green scales 1, cold resistance 1
a: no special abilities


You were on level 3 of the Dungeon.
You were hungry.

You visited 1 branch of the dungeon, and saw 3 of its levels.

You collected 127 gold pieces.

Inventory:

Hand Weapons
 a - a +0 long sword (weapon)
Missiles
 o - 34 sling bullets
Armour
 b - a +0 scale mail (worn)
 c - a +0 shield (worn)
Jewellery
 e - an amulet of regeneration (around neck)
 s - a +5 ring of strength (left hand)
Scrolls
 g - 3 scrolls of teleportation
 j - 2 scrolls of fear
 m - a scroll of immolation
 p - 2 scrolls of fog
Potions
 d - a potion of might
 k - a potion of degeneration
Comestibles
 f - 5 rations


   Skills:
 + Level 3.6 Fighting
 * Level 3.2 Long Blades
 - Level 2.6 Armour
 + Level 3.3 Shields


You had 3 spell levels left.
You didn't know any spells.
Your spell library was empty.

Dungeon Overview and Level Annotations

Branches:
Dungeon (3/15)

Altars:
Ashenzari
Fedhas
Makhleb
Okawaru


Innate Abilities, Weirdness & Mutations

You are partially covered in slimy green scales. (AC +2)
You have large cloven feet.
Your flesh is cold resistant. (rC+)


Message History

The iguana is almost dead.
The iguana bites you but does no damage.
You hit the iguana.
The iguana is almost dead.
The iguana bites you. You block the iguana's attack.
You hit the iguana but do no damage. Your kick misses the iguana.
The iguana is almost dead.
The iguana bites you!
* * * LOW HITPOINT WARNING * * *
You barely miss the iguana.
The iguana is almost dead.
The iguana bites you!
* * * LOW HITPOINT WARNING * * *
You closely miss the iguana.
The iguana is almost dead.
You block the iguana's attack. x2
You hit the iguana but do no damage.
The iguana is almost dead.
The iguana bites you!
You die...

.... #.#...# #......##.####
.....#.#...# #......##.#...
.....#.#...# #......##)#...
...........# #......##.#...
...........# #......##.#...
..$........# #......#......
......).%..# #......#......
##.##......#########......#...)..
#......KSwol@............#.†.
####...###################...
...$..... #####.......
#.######### ...#.###### ##.#.#
#....# #..### #..# #.=#


You could see a worm, an iguana, an adder, an orc and a kobold.

Vanquished Creatures
  An adder (D:2)
  3 oozes
  A worm (D:2)
  4 dart slugs
  2 leopard geckos
  2 orcs (D:3)
  A ball python (D:1)
  8 bats
  2 giant cockroaches (D:1)
  7 goblins
  6 hobgoblins
  3 frilled lizards
  3 kobolds
  7 rats
50 creatures vanquished.

Notes
Turn   | Place    | Note
-------+----------+-------------------------------------------
     0 | D:1      | BushDid911 the Demonspawn Fighter began the quest for the
                  | Orb.
     0 | D:1      | Reached XP level 1. HP: 18/18 MP: 1/1
   207 | D:1      | Gained mutation: You are partially covered in slimy green
                  | scales. (AC +2) [demonic ancestry]
   207 | D:1      | Reached XP level 2. HP: 22/24 MP: 2/2
   388 | D:1      | Reached XP level 3. HP: 29/29 MP: 3/3
   783 | D:2      | Found a burning altar of Makhleb.
   784 | D:2      | Found a blossoming altar of Fedhas.
   784 | D:2      | Found a shattered altar of Ashenzari.
   785 | D:2      | Found an iron altar of Okawaru.
  1271 | D:2      | Reached XP level 4. HP: 35/35 MP: 4/4
  1532 | D:3      | Gained mutation: You have large cloven feet. [potion of
                  | mutation]
  1532 | D:3      | Gained mutation: Your flesh is cold resistant. (rC+)
                  | [potion of mutation]
  1653 | D:3      | Slain by an iguana

Skill      XL: |  1  2  3 |
---------------+----------+-----
Long Blades    | 2 3 |  3.2
Shields        | 3 |  3.3
Fighting       | |  3.6
Armour         | |  2.6

Action                   |  1- 3 |  4- 6 || total
-------------------------+-------+-------++-------
Melee: Long sword        |   166 |    44 ||   210
       Kick              |       |     8 ||     8
  Use: Scroll            |       |     8 ||     8
       Potion            |       |     3 ||     3
  Eat: Chunk             |     1 |     1 ||     2
Armor: Scale mail        |    92 |    23 ||   115
Dodge: Dodged            |    31 |    12 ||    43
Block: Shield            |   101 |    30 ||   131
       Rpst.: Long sword |     9 |     1 ||    10
